cohdb
Replays
Latest Replays
All Replays
Popular Replays
Top Player Replays
Match Explorer
How It Works
Community
CoH3 Stats
Reddit
Sign in to upload your games and track your stats! →
Sign in with Steam
Match 48624530
Unlisted
Match 48624530
Overview
Messages
Build Orders
End
Kradschützen Motorcycle Team
Selects Italian Infantry
Panzergrenadier Squad
Panzergrenadier Squad
Construct Light Support Kompanie
Panzerjäger Squad
Selects Guastatori Squad
Selects L6/40 Light Tank Combat Group
L6/40 Light Tank Combat Group
Fire Support Elements
Vehicle Survival Package
Panzerjäger Mechanized Group
Selects Towed Cannone da 105/28 Field Howitzer
Tomsch
Angrybirds
rudewoi
Furb
0
0
Comments
sign in to comment!
No comments posted yet!